 Dungeon Crawl Stone Soup version 0.30-a0-870-gc5d4c5acee (webtiles) character file.

Game seed: 4829803825687130779

988 ruwin the Magician (level 7, -2/40 (41) HPs)
             Began as a Deep Elf Summoner on Mar 12, 2023.
             Was a Follower of Makhleb.
             Slain by a wight
             ... wielding a +4 halberd of freezing
              (5 damage)
             ... on level 6 of the Dungeon.
             The game lasted 00:13:59 (7030 turns).

ruwin the Magician (Deep Elf Summoner)              Turns: 7030, Time: 00:14:00

HP:   -2/40 (41)    AC:  4    Str:  5    XL:     7   Next: 97%
MP:   6/19          EV: 13    Int: 22    God:    Makhleb [*.....]
Gold: 300           SH:  0    Dex: 15    Spells: 10/19 levels left

rFire   . . .      SeeInvis .    m - staff of poison
rCold   . . .      Faith    .    (no shield)
rNeg    . . .      Spirit   .    a - +0 robe
rPois   +          Reflect  .    e - +1 helmet
rElec   .          Rampage  .    (no cloak)
rCorr   .                        (no gloves)
Will    .....                    (no boots)
Stlth   ++                       (no amulet)
HPRegen 0.26/turn                (no ring)
MPRegen 0.16/turn                (no ring)

@: lethally poisoned (-2 -> -7), about to teleport, slowed, lightly drained,
very slow
A: no striking features
a: Renounce Religion


You were on level 6 of the Dungeon.
You worshipped Makhleb.
Makhleb was aware of your devotion.
You visited 1 branch of the dungeon, and saw 6 of its levels.

You collected 300 gold pieces.

Inventory:

Armour
 a - a +0 robe (worn)
 e - a +1 helmet (worn)
Magical Staves
 m - a staff of poison (weapon)
Jewellery
 k - an amulet of faith
Potions
 b - a potion of magic
 c - a potion of lignification {unknown}
 d - 2 potions of ambrosia
 h - a potion of haste
 l - 2 potions of cancellation
 n - 3 potions of curing {unknown}
 o - a potion of brilliance {unknown}


   Skills:
 + Level 3.3 Fighting
 - Level 3.0 Dodging
 - Level 3.0 Stealth
 + Level 6.7 Spellcasting
 - Level 3.0 Hexes
 + Level 6.6 Summonings
 + Level 3.6 Invocations


You had 10 spell levels left.
You knew the following spells:

 Your Spells              Type           Power      Damage    Failure   Level
a - Summon Small Mammal   Summ           100%       N/A       1%          1
b - Call Imp              Summ           36%        N/A       1%          2
c - Call Canine Familiar  Summ           36%        N/A       1%          3
d - Summon Guardian Gole  Hex/Summ       28%        N/A       3%          3

Your spell library contained the following spells:

 Spells                   Type           Power      Damage    Failure   Level
 Tukima's Dance           Hex            20%        N/A       8%          3
 Apportation              Tloc           14%        N/A       9%          1
 Necrotise                Necr           28%        1d5       9%          1
 Sublimation of Blood     Necr           7%         N/A       13%         2
 Wereblood                Tmut           7%         N/A       13%         2
 Summon Lightning Spire   Summ/Air       22%        N/A       22%         4
 Ignite Poison            Fire/Tmut/Pois 11%        N/A       26%         3
 Kindle Blastsparks       Fire/Tloc/Air  14%        2d11      26%         3
 Fulminant Prism          Conj/Hex       7%         3d7       41%         4
 Passage of Golubria      Tloc           7%         N/A       63%         4
 Yara's Violent Unravell  Hex/Tmut       7%         3d5       77%         5
 Freezing Cloud           Conj/Ice/Air   3%         6-21      93%         5
 Summon Hydra             Summ           18%        N/A       99%         7


Dungeon Overview and Level Annotations

Branches:
Dungeon (6/15)             Temple (0/1) D:5

Altars:
Makhleb
Vehumet
Yredelemnul
Zin

Shops:
D:4 *   D:5 (

Annotations:
D:5 exclusion: statue


Message History

The hound bites you.
The kobold hits your guardian golem but does no damage.
The kobold brigand hits your shadow imp with a +0 dagger!
The kobold hits your guardian golem but does no damage.
The hound barely misses you.
Your guardian golem overheats!
You take 9 damage, and have 13/41 hp.
MASSIVE DAMAGE!!
Okay, then.
As you read the scroll of teleportation, it crumbles to dust.
You feel strangely unstable.
You feel very sick. The hound bites you.
* * * LOW HITPOINT WARNING * * *
The kobold hits your guardian golem with a +0 dagger.
Flame seeps out of your guardian golem.
The kobold brigand throws a curare-tipped dart.
The curare-tipped dart closely misses your shadow imp.
The curare-tipped dart hits you.
A wight comes into view. It is wielding a +2 long sword.
The wight closely misses you. The hound bites you.
* * * LOW HITPOINT WARNING * * *
Your guardian golem is engulfed in blazing flames.
Flame seeps out of your guardian golem.
The kobold brigand throws a curare-tipped dart.
The curare-tipped dart hits your shadow imp.
The kobold throws a stone.
The stone hits your guardian golem but does no damage.
The wight barely misses you.
The kobold hits your guardian golem with a +0 dagger.
Flame seeps out of your guardian golem.
The wight moves out of view.
The kobold attacks as you move away! The kobold hits you but does no damage.
You feel drained.
* * * LOW HITPOINT WARNING * * *
You feel sick.
Your guardian golem is engulfed in blazing flames.
Flame seeps out of your guardian golem. The hound bites you.
* * * LOW HITPOINT WARNING * * *
The wight hits you from afar with a +4 halberd of freezing.
You die...

#.# #.# ## #.####### #.# #.
..........## #.#
#.##...........
##.#####.##........... #
............PPPP..โ‰ˆโ‰ˆโ‰ˆ
#.###.#..................
#....<...................
####..##.....@hKl........
#.K#.....).5hO....#+##
###..##..#.#zK###?......
#.........)..9###...#.##
#.#.)......).KK.....#
####.##)##.##.#).z.....#
#.............#..#.K...#
####.##.##.##.#.<#.....# #
#.......)..รท.....#


You could see a kobold brigand (strong), an ogre, an iguana, a hound, 2 wights,
3 kobolds, a friendly guardian golem (summoned, inner flame), a friendly hound
(summoned, sheltered) and a friendly shadow imp (summoned, sheltered).

Vanquished Creatures (collateral kills)
  A water moccasin (D:6)
  3 centaurs (D:5)
  A kobold brigand (D:6)
  A scorpion (D:5)
  2 hounds
  A jelly (D:5)
  An orc priest (D:5)
  Terence (D:3)
  4 iguanas
  3 orc wizards
  5 adders
  A gnoll (D:1)
  A white imp (D:6)
  An ufetubus (D:5)
  A worm (D:3)
  3 dart slugs (D:2)
  16 orcs
  7 ball pythons
  7 endoplasms
  3 giant cockroaches
  5 goblins
  8 hobgoblins
  A quokka (D:3)
  6 bats
  2 frilled lizards
  13 kobolds
  4 rats (D:2)
102 creatures vanquished.

Vanquished Creatures (others)
  An orc wizard (D:3)
  A kobold (D:6)
2 creatures vanquished.

Grand Total: 104 creatures vanquished

Notes
Turn   | Place    | Note
-------+----------+-------------------------------------------
     0 | D:1      | ruwin the Deep Elf Summoner began the quest for the Orb.
     0 | D:1      | Reached XP level 1. HP: 10/10 MP: 6/6
   558 | D:1      | Reached XP level 2. HP: 15/15 MP: 5/8
   585 | D:1      | Learned a level 2 spell: Call Imp
  1309 | D:2      | Reached XP level 3. HP: 19/19 MP: 2/10
  1687 | D:2      | Reached XP level 4. HP: 15/24 MP: 6/12
  2045 | D:2      | Found a basalt altar of Yredelemnul.
  2386 | D:3      | Learned a level 3 spell: Call Canine Familiar
  2620 | D:3      | Reached skill level 1 in Fighting
  2676 | D:3      | Reached skill level 5 in Summonings
  2926 | D:3      | Noticed Terence
  2963 | D:3      | Killed Terence
  2976 | D:3      | Reached XP level 5. HP: 29/29 MP: 7/14
  3292 | D:3      | Found a burning altar of Makhleb.
  3294 | D:3      | Noticed a cacodemon
  3335 | D:3      | Noticed an orange demon
  3335 | D:3      | Noticed an orange demon
  3337 | D:3      | Became a worshipper of Makhleb the Destroyer
  3754 | D:4      | Reached skill level 5 in Spellcasting
  3754 | D:4      | Reached skill level 1 in Invocations
  3879 | D:4      | Got Sif Muna's Tome of Lightning and Execration
  3942 | D:4      | Learned a level 3 spell: Summon Guardian Golem
  4085 | D:4      | Found Zin's Purification Station.
  4088 | D:4      | Found a glowing silver altar of Zin.
  4577 | D:5      | Entered Level 5 of the Dungeon
  4657 | D:5      | Reached XP level 6. HP: 26/35 MP: 4/15
  4889 | D:5      | Reached skill level 1 in Hexes
  5185 | D:5      | Reached XP level 7. HP: 11/40 MP: 13/17
  5511 | D:5      | Found Ycrymuir's Antique Weapon Shop.
  5543 | D:5      | Found a staircase to the Ecumenical Temple.
  5593 | D:5      | Found a radiant altar of Vehumet.
  6989 | D:6      | Reached * piety under Makhleb
  7030 | D:6      | Slain by a wight

Illustrated notes

Levels and vault maps discovered:
D:1:      noname_arrival_rooms_in_the_neighbourhood, layout_basic,
          minmay_misc_feat_diagonals, minmay_misc_feat_tower,
          minmay_misc_feat_rugged, amcnicky_mini_pool_small
D:2:      layout_rooms, basic_altar, chequers_serial_rivers_micro_c,
          minmay_bisected
D:3:      layout_loops_corners, makhleb_altar_promises_db,
          minmay_misc_feat_rows, uniq_terence
D:4:      layout_loops_ring, zin_purify, nrook_uturn, st_stairs_3,
          uniq_eustachio
D:5:      layout_basic, vehumet_statue, minmay_temple_entry_large_hall,
          serial_shops, shop, nicolae_kite_square_tiling_tiny,
          reono_crystal_passage, kennysheep_cross_room
D:6:      layout_basic, mainiacjoe_overflow_boulevard,
          nicolae_ossuary_entry_ruins, ebering_ghost_gozag, uniq_edmund

Skill      XL: |  1  2  3  4  5  6  7 |
---------------+----------------------+-----
Stealth        | 3 |  3.0
Dodging        | 3 |  3.0
Spellcasting   | 4 5 6 |  6.7
Fighting       | 1 2 3 |  3.3
Summonings     | 5 6 |  6.6
Invocations    | 1 2 3 |  3.6
Hexes          | 2 3 |  3.0

Action                     |  1- 3 |  4- 6 |  7- 9 || total
---------------------------+-------+-------+-------++-------
   Cast: Summon Small Mamm |    40 |     8 |       ||    48
         Call Imp          |    15 |    21 |     7 ||    43
         Call Canine Famil |       |    32 |    14 ||    46
         Summon Guardian G |       |       |    10 ||    10
    Use: Scroll            |     3 |    10 |     1 ||    14
 Armour: Robe              |     3 |     6 |     9 ||    18
  Dodge: Dodged            |    15 |    35 |    33 ||    83

Table legend: (Time is in decaauts)
 A = Elapsed time spent in this place.
 B = Non-inter-level travel time spent in this place.
 C = Inter-level travel time spent in this place.
 D = Time resting spent in this place.
 E = Time spent auto-exploring this place.
 F = Levels seen in this place.
 G = Mean time per level.
                   A        B        C        D        E       F      G
               +--------+--------+--------+--------+--------+-----+--------+
         Total |   7035 |   6901 |    134 |   1373 |   4295 |   6 | 1172.5 |
       Dungeon |   7035 |   6901 |    134 |   1373 |   4295 |   6 | 1172.5 |
               +--------+--------+--------+--------+--------+-----+--------+

Top non-repeatable levels by time:
     D:5: 2332 daAuts
     D:1: 1301 daAuts
     D:3: 1253 daAuts
     D:4: 1037 daAuts
     D:2: 983 daAuts
     D:6: 127 daAuts
